 Dungeon Crawl Stone Soup version 0.30-b1-2-g02819fbbbe (webtiles) character file.

Game seed: 5148542229525313281

457 Arcadio the Ducker (level 7, 0/55 HPs)
             Began as a Merfolk Artificer on May 14, 2023.
             Was an Initiate of Elyvilon.
             Slain by a kobold
             ... wielding a +0 club
              (1 damage)
             ... on level 4 of the Dungeon.
             The game lasted 00:06:29 (2236 turns).

Arcadio the Ducker (Merfolk Artificer)              Turns: 2236, Time: 00:06:31

Health: 0/55       AC:  8    Str: 15    XL:     7   Next: 6%
Magic:  7/7        EV: 13    Int: 10    God:    Elyvilon [......]
Gold:   189        SH:  0    Dex: 14    Spells: 6/6 levels left

rFire   . . .        v - +0 trident
rCold   . . .        (no shield)
rNeg    . . .        m - +0 ring mail
rPois   .            (no helmet)
rElec   .            (no cloak)
rCorr   .            (no gloves)
SInv    .            s - +2 pair of boots
Will    .....        j - amulet of regeneration
Stlth   +            k - ring of flight
HPRegen 1.09/turn    (no ring)
MPRegen 0.10/turn

%: no passive effects
@: flying
A: (nimble swimmer 2), mertail
a: Renounce Religion


You were on level 4 of the Dungeon.
You worshipped Elyvilon.
Elyvilon was noncommittal.
You visited 1 branch of the dungeon, and saw 4 of its levels.

You collected 189 gold pieces.

Inventory:

Hand Weapons
 a - a +0 club
 f - a +2 vampiric spear
 v - a +0 trident (weapon)
Armour
 b - a +0 leather armour
 m - a +0 ring mail (worn)
 s - a +2 pair of boots (worn)
Jewellery
 j - an amulet of regeneration (around neck)
 k - a ring of flight (left hand)
Wands
 c - a wand of flame (14) (quivered)
 d - a wand of charming (12)
 e - a wand of iceblast (5)
Scrolls
 l - a scroll of blinking
 o - a scroll of silence {unknown}
 p - a scroll of enchant armour {unknown}
 q - a scroll of enchant weapon {unknown}
 t - a scroll of magic mapping {unknown}
Potions
 g - 2 potions of curing
 i - a potion of heal wounds {unknown}
 n - 2 potions of brilliance
 u - a potion of degeneration {unknown}


   Skills:
 + Level 4.5 Fighting
 + Level 5.1 Polearms
 - Level 0.6 Armour
 + Level 5.9 Dodging
 - Level 1.1 Stealth
 - Level 3.0 Evocations


You had 6 spell levels left.
You didn't know any spells.
Your spell library contained the following spells:

 Spells                   Type           Power      Damage    Failure   Level
 Gell's Gravitas          Tloc           0%         N/A       92%         3
 Teleport Other           Tloc           0%         N/A       92%         3
 Dispersal                Tloc           0%         N/A       100%        6


Dungeon Overview and Level Annotations

Branches:
Dungeon (4/15) Zot: 21751
 Temple: D:4-7

Altars:
Elyvilon
Zin

Annotations:
D:4 Eustachio, Grinder


Innate Abilities, Weirdness & Mutations

((You are very nimble when in or above water. (Stealth+, EV+, Speed+++)))
Your lower body shifts to a powerful aquatic tail in water.


Message History

The quasit bites you but does no damage.
The quasit claws you but does no damage. x2
Your adder bites the quasit.
The ufetubus barely misses your adder. x2
Grinder hits you! Eustachio hits you with a +0 rapier!
Eustachio attacks as you move away! Eustachio hits you with a +0 rapier.
The quasit closely misses you. The quasit barely misses you. x2
Your adder closely misses the quasit.
The ufetubus hits your adder. The ufetubus closely misses your adder.
The quasit closely misses you.
The quasit claws you but does no damage. x2
Grinder barely misses you. Something hits your adder.
Something misses your adder. x2
Your adder misses something.
Something hits your adder but does no damage.
Something closely misses your adder.
Aiming: Charm
Press: ? - help, Shift-Dir - straight line, p - adder
Okay, then.
As you read the scroll of teleportation, it crumbles to dust.
You feel strangely unstable.
Your adder bites something but does no damage.
The quasit bites you. The quasit misses you. The quasit barely misses you.
Something barely misses your adder. Something hits your adder.
Your adder closely misses something.
Eustachio gestures wildly while chanting.
Grinder blinks!
The quasit disappears in a puff of smoke!
Your surroundings suddenly seem different.
A sleepcap and a kobold come into view.
The kobold closely misses you. The kobold hits you with a +0 club.
The kobold attacks as you move away! The kobold hits you but does no damage.
The sleepcap releases spores at you.
You are engulfed in a cloud of soporific spores!
You fall asleep.
The sleepcap completely misses you. The kobold hits you but does no damage.
The sleepcap releases spores at you!!
You wake up.
* * * LOW HITPOINT WARNING * * *
You are engulfed in a cloud of soporific spores!
You are unaffected.
The kobold hits you with a +0 club.
You die...

.=....# #.# #
#...#.# #.#
.###.....# #.#####
........+ #.....#
#......# #<....#
+......+ #br...#
#......# #O....#
#..fK### #.....#
#...@# #......
#....# #S...##
####<# #....+ #.#
#....# ####+####
...... #.......#
##....... +.......#
.........
#.......##.........
#..............


You could see a sleepcap and a kobold.

Vanquished Creatures
  An ogre (D:4)
  2 centaurs (D:4)
  A hound (D:4)
  2 orc priests
  5 adders
  2 worms (D:2)
  3 dart slugs
  4 orcs
  6 bats
  6 endoplasms
  5 giant cockroaches
  7 goblins
  7 hobgoblins
  4 kobolds
  5 quokkas
  6 ball pythons
  A frilled lizard (D:1)
  2 rats (D:1)
69 creatures vanquished.

Vanquished Creatures (others)
  An adder (D:4)
  3 plants (D:4)
4 creatures vanquished.

Grand Total: 73 creatures vanquished

Notes
Turn   | Place    | Note
-------+----------+-------------------------------------------
     0 | D:1      | Arcadio the Merfolk Artificer began the quest for the Orb.
     0 | D:1      | Reached XP level 1. HP: 15/15 MP: 1/1
   187 | D:1      | Reached skill level 1 in Polearms
   187 | D:1      | Reached XP level 2. HP: 21/21 MP: 2/2
   657 | D:2      | Reached XP level 3. HP: 27/27 MP: 3/3
   767 | D:2      | Reached XP level 4. HP: 34/34 MP: 4/4
  1372 | D:3      | Found a glowing silver altar of Zin.
  1476 | D:3      | Found a white marble altar of Elyvilon.
  1509 | D:3      | Became a worshipper of Elyvilon the Healer
  1620 | D:2      | Reached XP level 5. HP: 17/41 MP: 5/5
  2015 | D:4      | Noticed Eustachio
  2015 | D:4      | Noticed an ogre
  2189 | D:4      | Reached skill level 5 in Dodging
  2190 | D:4      | Killed an ogre
  2191 | D:4      | Reached XP level 6. HP: 47/48 MP: 6/6
  2220 | D:4      | Noticed Grinder
  2224 | D:4      | Reached skill level 5 in Polearms
  2224 | D:4      | Reached XP level 7. HP: 32/55 MP: 7/7
  2236 | D:4      | HP: 1/55 [sleepcap (20)]
  2236 | D:4      | Slain by a kobold

Illustrated notes

Levels and vault maps discovered:
D:1:      shiori_arrival_elements, layout_basic, minmay_misc_feat_enclosed,
          minmay_small_reverse_x
D:2:      layout_loops_cross
D:3:      layout_basic, mainiacjoe_overflow_catwalk_spiral
D:4:      layout_basic, corexii_corridor_pit, serial_bayou_pond_a,
          minmay_manual_mares, uniq_grinder, uniq_eustachio

Skill      XL: |  1  2  3  4  5  6 |
---------------+-------------------+-----
Dodging        | 3 4 5 |  5.9
Polearms       | 1 2 3 4 5 |  5.1
Fighting       | 2 3 4 |  4.5
Armour         | |  0.6
Stealth        | |  1.1
Evocations     | |  3.0

Action                     |  1- 3 |  4- 6 |  7- 9 || total
---------------------------+-------+-------+-------++-------
  Melee: Spear             |   109 |    39 |       ||   148
         Club              |     5 |     9 |       ||    14
         Punch             |     2 |     1 |       ||     3
         Trident           |       |    98 |     1 ||    99
  Evoke: Wand              |       |     1 |     3 ||     4
    Use: Scroll            |       |     4 |     1 ||     5
   Stab: Sleeping          |       |     1 |       ||     1
 Armour: Leather armour    |     8 |       |       ||     8
         Ring mail         |    33 |    70 |     9 ||   112
  Dodge: Dodged            |    74 |   121 |    11 ||   206
